 Dungeon Crawl Stone Soup version 0.32-a0-818-gb728d0252e (webtiles) character file.

Game seed: 4354636431938690423

5313 Fodor the Cleaver (level 10, -5/90 HPs)
             Began as a Minotaur Fighter on Mar 23, 2024.
             Was an Initiate of Gozag.
             Slain by Grum
             ... wielding a +1 spear
              (15 damage)
             ... on level 10 of the Dungeon.
             The game lasted 00:29:44 (7829 turns).

Fodor the Cleaver (Minotaur Fighter)                Turns: 7829, Time: 00:29:46

Health: -5/90      AC: 13    Str: 23    XL:     10   Next: 37%
Magic:  9/9        EV:  8    Int:  5    God:    Gozag
Gold:   788        SH:  0    Dex: 12    Spells: 9/9 levels left

rFire   . . .        w - +6 battleaxe
rCold   . . .        (shield currently unavailable)
rNeg    + . .        b - +0 chain mail
rPois   .            (helmet restricted)
rElec   .            (no cloak)
rCorr   .            o - +0 pair of gloves
SInv    .            (no boots)
Will    +....        (no amulet) Stlth
                     u - ring of positive energy
HPRegen 0.35/turn    t - ring of willpower
MPRegen 0.11/turn

%: no passive effects
@: gold aura, studying Stealth
A: horns 2, retaliatory headbutt
a: Renounce Religion, Potion Petition, Call Merchant, Bribe Branch


You were on level 10 of the Dungeon.
You worshipped Gozag.
Gozag was pleased with you.
You visited 2 branches of the dungeon, and saw 11 of its levels.

You collected 1047 gold pieces.
You spent 39 gold pieces at shops.
You paid 220 gold pieces to Gozag.

Inventory:

Hand Weapons
 p - a +0 orcbow
 w - a +6 battleaxe (weapon)
Armour
 b - a +0 chain mail (worn)
 c - a +0 buckler
 o - a +0 pair of gloves (worn)
Jewellery
 t - a ring of willpower (right hand)
 u - a ring of positive energy (left hand)
Talismans
 g - a beast talisman
Wands
 a - a wand of warping (8)
 r - a wand of polymorph (13)
 A - a wand of flame (26)
Scrolls
 e - a scroll of revelation
 k - 2 scrolls of immolation
 l - a scroll of fog {unknown}
 m - 3 scrolls of noise {unknown}
 n - a scroll of brand weapon {unknown}
 q - 2 scrolls of poison
 s - 3 scrolls of blinking {unknown}
 v - 4 scrolls of teleportation
 y - a scroll of acquirement {unknown}
 D - 2 scrolls of amnesia {unknown}
 F - 3 scrolls of enchant armour {unknown}
 G - 2 scrolls of fear
Potions
 d - 5 potions of might
 f - 6 potions of heal wounds {unknown}
 h - 3 potions of resistance {unknown}
 i - 3 potions of enlightenment {unknown}
 j - a potion of brilliance {unknown}
 x - a potion of haste {unknown}
 z - a potion of lignification {unknown}
 B - 5 potions of attraction {unknown}
 C - 2 potions of invisibility {unknown}


   Skills:
 + Level 8.7 Fighting
 + Level 11.0(11.3) Axes
 + Level 3.8(8.0) Maces & Flails
 + Level 2.8 Ranged Weapons
 + Level 9.8 Armour
 + Level 2.7 Dodging
 + Level 0.5 Stealth
 + Level 5.3 Shields
 + Level 3.0 Shapeshifting


You had 9 spell levels left.
You didn't know any spells.
Your spell library contained the following spells:

 Spells                   Type           Power      Damage    Failure   Level
 Apportation              Tloc           0%         N/A       94%         1
 Necrotise                Necr           0%         1d4       94%         1
 Sting                    Conj/Alch      0%         1d3       94%         1
 Summon Small Mammal      Summ           0%         N/A       94%         1
 Cigotuvi's Dreadful Rot  Necr/Alch/Air  0%         N/A       98%         2
 Ensorcelled Hibernation  Hex/Ice        0%         N/A       98%         2
 Call Canine Familiar     Summ           0%         N/A       100%        3
 Gell's Gravitas          Tloc           0%         N/A       100%        3
 Passwall                 Erth           0%         N/A       100%        3
 Sigil of Binding         Hex            0%         N/A       100%        3
 Swiftness                Air            0%         N/A       100%        3
 Teleport Other           Tloc           0%         N/A       100%        3
 Dimensional Bullseye     Hex/Tloc       0%         N/A       100%        4
 Dispel Undead            Necr           0%         3d6       100%        4
 Martyr's Knell           Necr/Summ      0%         N/A       100%        4
 Summon Blazeheart Golem  Fire/Summ      0%         N/A       100%        4
 Dispersal                Tloc           0%         N/A       100%        6


Dungeon Overview and Level Annotations

Branches:
Dungeon (10/15)            Temple (1/1) D:7            Lair (0/5) D:9
    Orc: D:9-12

Altars:
Ashenzari
Cheibriados
Dithmenos
Elyvilon
Fedhas
Gozag
Hepliaklqana
Kikubaaqudgha
Makhleb
Nemelex Xobeh
Okawaru
Qazlal
Ru
Sif Muna
Trog
Uskayaw
Vehumet
Wu Jian
Xom
Yredelemnul
Zin
The Shining One

Shops:
D:2 =   D:4 !

Annotations:
D:10 Grum


Innate Abilities, Weirdness & Mutations

You have a pair of horns on your head.
You reflexively headbutt those who attack you in melee.


Message History

Your Axes skill increases to level 11!
You slash the gnoll zombie!
You destroy the gnoll zombie!
You barely miss the wolf.
The orc zombie is no longer distracted by gold.
The wolf bites you!
Grum hits you from afar with a +1 spear!
* * * LOW HITPOINT WARNING * * *
The orc priest is distracted by your dazzling golden aura.
The orc zombie is distracted by your dazzling golden aura.
The wolf bites you but does no damage.
The orc zombie is distracted by your dazzling golden aura. x2
The orc priest shouts!
You slash the wolf!
You kill the wolf!
You slash the gnoll skeleton!
The orc zombie is no longer distracted by gold.
Grum hits you from afar with a +1 spear!
* * * LOW HITPOINT WARNING * * *
The gnoll skeleton is distracted by your dazzling golden aura.
The gnoll skeleton hits you but does no damage.
Grum closely misses you.
The orc zombie is no longer distracted by gold.
The orc zombie is distracted by your dazzling golden aura.
The gnoll skeleton is distracted by your dazzling golden aura.
Grum is distracted by your dazzling golden aura.
You see here 7 gold pieces.
You closely miss Grum.
Grum is no longer distracted by gold.
Grum growls angrily.
The gnoll skeleton is no longer distracted by gold.
Grum closely misses you.
You slice Grum!! You headbutt Grum.
Grum is severely wounded.
The orc zombie is no longer distracted by gold.
The gnoll skeleton is no longer distracted by gold.
The gnoll skeleton is distracted by your dazzling golden aura.
The orc zombie is distracted by your dazzling golden aura.
Grum hits you with a +1 spear!
You die...
Your body crumbles into a pile of gold.

#.
#####
......
#.#...
#.#..
....
..# .
#g#


ZZZ #@# ....# #Z# ......#$# .ZoZo.ZZ# .$ZßZoZ.# ..Z.Z#### ZZ.ZZ ...Z ... You
could see Grum, 2 orc zombies and 2 gnoll skeletons.

Vanquished Creatures
  Jeremiah (D:7)
  A hornet (D:9)
  3 wyverns
  A shadow (D:9)
  A yak (D:9)
  3 steam dragons
  Edmund (D:6)
  2 water moccasins
  An orc warrior (D:9)
  A sky beast (D:7)
  3 wolves (D:10)
  3 black bears
  4 centaurs
  2 phantoms
  2 kobold brigands
  3 scorpions
  2 bullfrogs
  A gnoll sergeant (D:7)
  8 wights
  7 killer bees
  2 howler monkeys
  2 bombardier beetles
  A gnoll bouda (D:5)
  3 orc priests
  5 hounds
  A sleepcap (D:8)
  Jessica (D:2)
  3 iguanas
  2 orc wizards
  19 gnolls
  8 adders
  2 shadow imps
  A white imp (D:7)
  3 ufetubi
  2 dart slugs
  A ribbon worm (D:5)
  19 orcs
  5 ball pythons
  8 bats
  10 endoplasms
  6 giant cockroaches
  12 goblins
  17 hobgoblins
  4 jackals (D:2)
  4 quokkas
  3 frilled lizards
  A gnoll zombie (D:10)
  39 kobolds
  An orc skeleton (D:10)
  7 rats
242 creatures vanquished.

Notes
Turn   | Place    | Note
-------+----------+-------------------------------------------
     0 | D:1      | Fodor the Minotaur Fighter began the quest for the Orb.
     0 | D:1      | Reached XP level 1. HP: 19/19 MP: 0/0
   187 | D:1      | Reached XP level 2. HP: 27/27 MP: 1/1
   707 | D:2      | Found Miokh's Jewellery Shop.
   771 | D:2      | Reached XP level 3. HP: 29/33 MP: 2/2
   775 | D:2      | Reached skill level 3 in Axes
   807 | D:2      | Reached XP level 4. HP: 40/40 MP: 3/3
   824 | D:2      | Found a faded altar of an unknown god.
   900 | D:2      | Reached skill level 4 in Axes
  1130 | D:2      | Noticed Jessica
  1133 | D:2      | Reached XP level 5. HP: 46/47 MP: 4/4
  1146 | D:2      | Killed Jessica
  1147 | D:2      | Reached skill level 1 in Dodging
  1182 | D:2      | Found a shimmering altar of Xom.
  1813 | D:3      | Found a shimmering altar of Xom.
  1814 | D:3      | Found an ornate altar of the Wu Jian Council.
  1817 | D:3      | Found a hide-covered altar of Uskayaw.
  1817 | D:3      | Found a white marble altar of Elyvilon.
  1831 | D:3      | Found a snail-covered altar of Cheibriados.
  1831 | D:3      | Found a broken altar of Ashenzari.
  1831 | D:3      | Found a basalt altar of Yredelemnul.
  1832 | D:3      | Found a hazy altar of Hepliaklqana.
  1842 | D:3      | Identified the +4 mace "Keixket" {venom, rN+ Int+4}
  2335 | D:4      | Found Guposoeq's Distillery.
  2340 | D:4      | Bought a potion of curing for 39 gold pieces
  2392 | D:4      | Reached skill level 5 in Fighting
  2392 | D:4      | Reached XP level 6. HP: 46/56 MP: 5/5
  2458 | D:4      | Reached skill level 1 in Shapeshifting
  2640 | D:4      | Reached skill level 5 in Armour
  2781 | D:4      | Reached skill level 1 in Maces & Flails
  3025 | D:4      | Found a stormy altar of Qazlal.
  3190 | D:5      | Entered Level 5 of the Dungeon
  3226 | D:5      | Reached XP level 7. HP: 58/61 MP: 6/6
  3546 | D:5      | Reached skill level 5 in Axes
  3929 | D:6      | Reached XP level 8. HP: 70/70 MP: 7/7
  4093 | D:6      | Noticed Edmund
  4104 | D:6      | Killed Edmund
  4105 | D:6      | Reached skill level 6 in Axes
  4524 | D:7      | Reached skill level 5 in Shields
  4620 | D:7      | Found a staircase to the Ecumenical Temple.
  4639 | D:7      | Reached skill level 7 in Axes
  4670 | Temple   | Entered the Ecumenical Temple
  4684 | Temple   | Became a worshipper of Gozag Ym Sagoz the Greedy
  4841 | D:7      | Noticed Jeremiah
  4862 | D:7      | Killed Jeremiah
  4976 | D:7      | Reached skill level 8 in Axes
  4976 | D:7      | Reached XP level 9. HP: 74/78 MP: 8/8
  5441 | D:7      | Reached skill level 1 in Ranged Weapons
  5881 | D:8      | Reached skill level 9 in Axes
  6931 | D:9      | Reached skill level 10 in Axes
  6931 | D:9      | Reached XP level 10. HP: 49/88 MP: 9/9
  7120 | D:9      | Found a sparkling altar of Nemelex Xobeh.
  7372 | D:9      | Paralysed by a hornet for 2 turns
  7578 | D:9      | Found a staircase to the Lair.
  7810 | D:10     | Entered Level 10 of the Dungeon
  7810 | D:10     | Noticed Grum
  7825 | D:10     | Reached skill level 11 in Axes
  7829 | D:10     | Slain by Grum

Illustrated notes

Levels and vault maps discovered:
D:1:      lemuel_arrival_river_passageway, layout_basic,
          minmay_gold_behind_fungi, minivault_19
D:2:      layout_rooms, serial_shops, shop, basic_altar,
          shapermc_ecumenical_altar_mp_ritualfount, corexii_shack, uniq_jessica
D:3:      cheibrodos_greedy_goblins, layout_rooms, grunt_temple_overflow_open,
          serial_bayou_pond_c, st_stairs_12, minmay_misc_feat_roman,
          chequers_serial_rivers_small_b, hangedman_abyss_or_decor_stabs,
          minmay_vboxes
D:4:      minmay_goblin_kobold_castle, layout_loops_ring, kennysheep_little_box,
          serial_shops, nicolae_shop_hallway_plus
D:5:      layout_basic
D:6:      layout_cave_pools, uniq_edmund
D:7:      layout_basic, minmay_temple_entry_statues_fountains,
          minmay_manual_monolith, uniq_jeremiah
D:8:      layout_loops_ring, minmay_misc_feat_alley
D:9:      minmay_weird_star, layout_rooms, nemelex_altar_shiori,
          david_lair_generic
D:10:     layout_stronghold, zombieorc2_lemuel, gammafunk_ghost_spectres,
          uniq_grum
Temple:   hc_temple_tempest_star

Skill      XL: |  1  2  3  4  5  6  7  8  9 10 |
---------------+-------------------------------+-----
Armour         | 4 5 6 7 9 |  9.8
Fighting       | 4 5 6 8 |  8.7
Shields        | 4 5 |  5.3
Axes           | 3 4 5 8 10 11 | 11.0
Dodging        | 1 2 |  2.7
Shapeshifting  | 1 2 3 |  3.0
Maces & Flails | 2 3 |  3.8
Ranged Weapons | 2 |  2.8
Stealth        | |  0.5

Action                     |  1- 3 |  4- 6 |  7- 9 | 10-12 || total
---------------------------+-------+-------+-------+-------++-------
  Melee: War axe           |    58 |    92 |   127 |       ||   277
         Headbutt          |     3 |    35 |    27 |    14 ||    79
         Mace              |       |   124 |     8 |       ||   132
         Battleaxe         |       |       |    62 |    59 ||   121
   Fire: Orcbow            |       |       |     9 |       ||     9
    Use: Scroll            |       |       |     8 |     1 ||     9
         Potion            |       |       |     4 |       ||     4
 Armour: Scale mail        |    56 |    25 |       |       ||    81
         Chain mail        |       |   177 |   240 |    80 ||   497
  Dodge: Dodged            |    29 |    94 |   117 |    37 ||   277
  Block: Buckler           |    13 |    54 |    33 |       ||   100
   Form: Beast             |     1 |       |       |       ||     1
                           |       |       |     1 |       ||     1

Table legend: (Time is in decaauts)
 A = Elapsed time spent in this place.
 B = Non-inter-level travel time spent in this place.
 C = Inter-level travel time spent in this place.
 D = Time resting spent in this place.
 E = Time spent auto-exploring this place.
 F = Levels seen in this place.
 G = Mean time per level.
                   A        B        C        D        E       F      G
               +--------+--------+--------+--------+--------+-----+--------+
         Total |   7986 |   7894 |     92 |    135 |   5195 |  11 |  726.0 |
       Dungeon |   7956 |   7864 |     92 |    135 |   5195 |  10 |  795.6 |
        Temple |     29 |     29 |      0 |      0 |      0 |   1 |   29.0 |
               +--------+--------+--------+--------+--------+-----+--------+

Top non-repeatable levels by time:
     D:7: 1204 daAuts
     D:9: 1154 daAuts
     D:4: 1079 daAuts
     D:8: 984 daAuts
     D:3: 784 daAuts
     D:5: 726 daAuts
     D:1: 725 daAuts
     D:2: 703 daAuts
     D:6: 575 daAuts
  Temple: 29 daAuts
    D:10: 20 daAuts
